 Dungeon Crawl Stone Soup version 0.22-a0-800-g058c00f (webtiles) character file.

114 Ranimosk the Covered (level 4, -3/40 HPs)
             Began as a Minotaur Fighter on July 21, 2018.
             Killed by nerve-wracking pain
             ... invoked by Grinder
              (14 damage)
             ... on level 4 of the Dungeon.
             The game lasted 00:37:57 (3435 turns).

Ranimosk the Covered (Minotaur Fighter)             Turns: 3435, Time: 00:37:57

Health: -3/40      AC: 14    Str: 22 (23) XL:     4   Next: 67%
Magic:  3/3        EV:  4    Int:  5      God:
Gold:   151        SH: 10    Dex: 11      Spells: 3/3 levels left

rFire    . . .     SeeInvis .   D - +1 hand axe
rCold    + . .     Gourm    .   c - +0 shield
rNeg     . . .     Faith    .   s - +0 plate armour
rPois    .         Spirit   .   (helmet restricted)
rElec    .         Reflect  .   A - +1 cloak
rCorr    .         Harm     .   (no gloves)
MR       .....                  (no boots)
Stlth    ..........             (no amulet)
HPRegen  0.13/turn              v - +3 ring of strength
MPRegen  0.08/turn              C - ring of protection from cold

@: no status effects
A: retaliatory headbutt, horns 2
a: no special abilities


You were on level 4 of the Dungeon.
You were not hungry.

You visited 1 branch of the dungeon, and saw 4 of its levels.

You collected 151 gold pieces.

Inventory:

Hand Weapons
 a - a +0 war axe
 g - a +0 hunting sling
 j - a cursed +0 whip
 k - a +0 dagger
 l - a +0 dagger
 m - a +0 dagger
 n - a cursed -1 hunting sling
 r - a +1 short sword of holy wrath
 x - a +0 hunting sling
 z - a +0 blowgun
 D - a +1 hand axe (weapon)
 G - a +0 spear of piercing
Missiles
 e - 6 poisoned javelins (quivered)
 f - 15 arrows
 i - 192 stones
 p - 29 poisoned needles
 q - 2 tomahawks
 y - 47 bolts
Armour
 b - a +0 scale mail
 c - a +0 shield (worn)
 h - a +0 scale mail
 o - a +0 plate armour
 s - a +0 plate armour (worn)
 t - a +0 robe
 w - a +0 helmet
 A - a +1 cloak (worn)
Jewellery
 u - a cursed -4 ring of strength
 v - a +3 ring of strength (left hand)
 C - a ring of protection from cold (right hand)
Scrolls
 F - a scroll of teleportation
Potions
 d - 2 potions of might
 B - a potion of degeneration


   Skills:
 + Level 4.0 Fighting
 + Level 3.5 Axes
 + Level 4.9 Armour
 + Level 4.7 Shields


You had 3 spell levels left.
You didn't know any spells.
Your spell library was empty.

Dungeon Overview and Level Annotations

Branches:
Dungeon (4/15)
 Temple: D:4-7

Altars:
Gozag
Zin

Annotations:
D:4 Grinder


Innate Abilities, Weirdness & Mutations

You reflexively headbutt those who attack you in melee.
You have a pair of horns on your head.


Message History

You barely resist. You hit Grinder but do no damage.
Grinder is almost dead.
You block Grinder's attack.
You hit Grinder but do no damage. You headbutt Grinder.
Grinder is almost dead.
Grinder gestures at you. Pain shoots through your body!
You closely miss Grinder.
Grinder is almost dead.
Grinder gestures at you. Pain shoots through your body!
* * * LOW HITPOINT WARNING * * *
Grinder hits you but does no damage.
Your shield and plate armour prevent you from hitting Grinder.
You headbutt Grinder, but do no damage.
Grinder is almost dead.
Grinder gestures at you. Pain shoots through your body!
You die...

..#......#....####+#
..#......'.........#
..#...[..#.........#
..#......#.........#
..#......#.........#
###......#....##...#
.........#....##...###
.........#...........#
.........#....##@....#
.........#....##.5...#
... #...........# ...
#...........# ...
+...........# ...
##...##....## ##
######....# #....#


You could see Grinder.

Vanquished Creatures
  3 gnolls (D:4)
  3 adders
  An ooze (D:2)
  A dart slug (D:4)
  A leopard gecko (D:2)
  7 orcs
  A ball python (D:1)
  A giant cockroach (D:2)
  4 goblins
  4 hobgoblins
  2 jackals (D:4)
  8 kobolds
  2 quokkas (D:3)
  3 bats
  A frilled lizard (D:1)
  5 rats
47 creatures vanquished.

Notes
Turn   | Place    | Note
-------+----------+-------------------------------------------
     0 | D:1      | Ranimosk the Minotaur Fighter began the quest for the Orb.
     0 | D:1      | Reached XP level 1. HP: 19/19 MP: 0/0
   482 | D:1      | Reached XP level 2. HP: 27/27 MP: 1/1
  1309 | D:2      | Reached XP level 3. HP: 11/33 MP: 2/2
  1486 | D:2      | You fall through a shaft!
  1759 | D:3      | Found an opulent altar of Gozag.
  2478 | D:3      | Reached XP level 4. HP: 27/40 MP: 3/3
  2829 | D:3      | Found a glowing silver altar of Zin.
  3418 | D:4      | Noticed Grinder
  3435 | D:4      | Killed from afar by Grinder

Vault maps used:
D:1:      eino_arrival_cavern_e
D:2:      first_ration
D:3:      zin_scriptorium, grunt_gozag_statues
D:4:      kennysheep_nub, minmay_misc_feat_x, uniq_grinder

Skill      XL: |  1  2  3 |
---------------+----------+-----
Shields        | 4 |  4.7
Fighting       | 4 |  4.0
Armour         | 4 |  4.9
Axes           | 3 |  3.5

Action                   |  1- 3 |  4- 6 || total
-------------------------+-------+-------++-------
Melee: War axe           |   117 |       ||   117
       Headbutt          |    17 |    10 ||    27
       Hand axe          |    21 |    44 ||    65
  Use: Potion            |     7 |       ||     7
       Scroll            |     8 |     3 ||    11
  Eat: Ration            |     2 |     1 ||     3
Armor: Scale mail        |    42 |       ||    42
       Plate armour      |    32 |    30 ||    62
Dodge: Dodged            |    29 |     3 ||    32
Block: Shield            |    73 |    21 ||    94

Table legend:
 A = Spawn XP
 B = Non-spawn XP
 C = Spawn XP percentage of total XP
 D = Spawn monster count
 E = Non-spawn monster count
 F = Spawn count percentage of total count
 G = Total turns spent on level
                    A         B        C        D         E        F      G
               +---------+---------+-------+---------+---------+-------+---------
         Total |       0 |     164 |   0.0 |       0 |      47 |   0.0 |  3435
               +---------+---------+-------+---------+---------+-------+---------
           D:1 |       0 |      19 |   0.0 |       0 |      14 |   0.0 |  1126
           D:2 |       0 |      49 |   0.0 |       0 |      11 |   0.0 |   649
           D:3 |       0 |      34 |   0.0 |       0 |      12 |   0.0 |  1225
           D:4 |       0 |      62 |   0.0 |       0 |      10 |   0.0 |   435
               +---------+---------+-------+---------+---------+-------+---------
